 Dungeon Crawl Stone Soup version 0.24.0-1-gfbc8707 (webtiles) character file.

Game seed: 10930633433278750343, levelgen mode: deterministic

234984 gilim the Eclecticist (level 19, -20/112 HPs)
             Began as a Gargoyle Fighter on Nov 4, 2019.
             Was a High Priest of Cheibriados.
             Demolished by an ettin
             ... wielding a +0 dire flail
              (58 damage)
             ... on level 4 of the Vaults.
             The game lasted 03:15:39 (29905 turns).

gilim the Eclecticist (Gargoyle Fighter)           Turns: 29905, Time: 03:15:40

Health: -20/112    AC: 33    Str: 38    XL:     19   Next: 61%
Magic:  47/52      EV: 20    Int: 35    God:    Cheibriados [*****.]
Gold:   2847       SH: 17    Dex: 24    Spells: 36/56 levels left

rFire    + + .     SeeInvis +   U - +7 war axe (vamp)
rCold    . . .     Gourm    .   s - +0 shield {reflect}
rNeg     + . .     Faith    .   v - +0 fire dragon scales
rPois    ∞         Spirit   .   V - +3 hat of Pondering {ponderous, MR+ MP+10 Int+5}
rElec    +         Reflect  +   y - +1 cloak {+Inv}
rCorr    .         Harm     .   g - +2 pair of gloves {archery}
MR       +++..                  (no boots)
Stlth    ..........             q - amulet "Xisk" {Acrobat +Blink MR+ SInv Stlth-}
HPRegen  0.28/turn              L - ring of protection from cold
MPRegen  0.33/turn              Z - +5 ring of strength

@: flying, very slow
A: big wings, horns 1, camouflage 1, agile 1, negative energy resistance 1,
electricity resistance, unbreathing, petrification resistance, rot immunity,
subdued magic 1, AC +14
}: 1/15 runes: decaying
a: Stop Flying, Bend Time, Temporal Distortion, Slouch, Step From Time, Renounce
Religion, Evoke Blink, Evoke Invisibility


You were on level 4 of the Vaults.
You worshipped Cheibriados.
Cheibriados was extremely pleased with you.
You were not hungry.

You visited 6 branches of the dungeon, and saw 32 of its levels.
You also visited: Ossuary and Gauntlet.

You collected 3034 gold pieces.
You spent 187 gold pieces at shops.

Inventory:

Hand Weapons
 a - a +0 war axe of flaming
 C - the +7 war axe "Syaste" {freeze, *Corrode rN++ Str+6}
   (You found it on level 1 of the Vaults)

   It has been specially enchanted to freeze those struck by it, causing extra
   injury to most foes and up to half again as much damage against particularly
   susceptible opponents.
   It can also slow down cold-blooded creatures.
   It affects your strength (+6).
   It greatly protects you from negative energy.
   It may corrode you when you take damage.
 R - a +2 demon trident of venom
 U - a +7 vampiric war axe (weapon)
Missiles
 o - 68 poisoned darts (quivered)
 O - 4 curare-tipped darts
Armour
 g - a +2 pair of gloves of archery (worn)
 r - a +10 plate armour of ponderousness
 s - a +0 shield of reflection (worn)
 v - +0 fire dragon scales (worn)
 x - +0 ice dragon scales
 y - a +1 cloak of invisibility (worn)
 Q - the +0 leather armour "Yhuef" {rF++ rC- rN+++ MR+}
   (You found it on level 2 of the Vaults)

   It greatly protects you from fire.
   It makes you vulnerable to cold.
   It renders you almost immune to negative energy.
   It affects your resistance to hostile enchantments.
 V - the +3 hat of Pondering (worn) {ponderous, MR+ MP+10 Int+5}
   (You found it on level 2 of the Lair of Beasts)

   It affects your intelligence (+5).
   It affects your resistance to hostile enchantments.
   It affects your magic capacity (+10).
Jewellery
 c - an uncursed ring of ice
 q - the amulet "Xisk" (around neck) {Acrobat +Blink MR+ SInv Stlth-}
   (You acquired it on level 6 of the Lair of Beasts)

   [amulet of the acrobat]

   It helps you evade while moving and waiting.
   It affects your resistance to hostile enchantments.
   It lets you see invisible.
   It lets you blink.
   It makes you less stealthy.
 A - an uncursed ring of resist corrosion
 L - a ring of protection from cold (left hand)
 Z - a +5 ring of strength (right hand)
Wands
 i - a wand of iceblast (25)
 n - a wand of paralysis (7)
 E - a wand of acid (19)
 H - a wand of polymorph (33)
 I - a wand of scattershot (4)
 J - a wand of digging (8)
 K - a wand of clouds (3)
 P - a wand of flame (16)
 X - a wand of disintegration (10)
Scrolls
 h - 19 scrolls of remove curse
 j - 2 scrolls of immolation
 k - 19 scrolls of identify
 l - 6 scrolls of fear
 m - a scroll of brand weapon
 p - 8 scrolls of blinking
 u - 3 scrolls of fog
 w - 4 scrolls of amnesia
 D - 17 scrolls of teleportation
 G - a scroll of summoning
 N - 3 scrolls of magic mapping
Potions
 b - 6 potions of invisibility
 d - 2 potions of might
 e - 9 potions of curing
 t - 2 potions of heal wounds
 z - 6 potions of brilliance
 B - 4 potions of magic
 F - a potion of ambrosia {unknown}
 S - 2 potions of agility
 W - a potion of mutation
Miscellaneous
 M - a lightning rod (4/4)
 Y - a crystal ball of energy
Comestibles
 f - 65 rations
 T - 3 chunks of flesh


   Skills:
 - Level 10.0 Fighting
 - Level 10.0 Axes
 - Level 7.0 Armour
 - Level 10.0 Dodging
 - Level 15.0 Shields
 + Level 19.0 Spellcasting
 + Level 2.6 Summonings
 - Level 1.1 Necromancy
 + Level 11.9 Fire Magic
 - Level 8.0 Invocations
 - Level 5.0 Evocations


You had 36 spell levels left.
You knew the following spells:

 Your Spells              Type           Power        Failure   Level  Hunger
a - Necromutation         Tmut/Necr      ####......   100%        8    ####...
b - Regeneration          Chrm/Necr      ####......   3%          3    None
c - Sticky Flame          Conj/Fire      ######..     1%          4    None
d - Aura of Abjuration    Summ           #####.....   14%         5    None

Your spell library contained the following spells:

 Spells                   Type           Power        Failure   Level  Hunger
 Animate Skeleton         Necr           N/A          1%          1    None
 Corona                   Hex            ####...      1%          1    None
 Flame Tongue             Conj/Fire      #####        1%          1    None
 Freeze                   Ice            ####         1%          1    None
 Pain                     Necr           ####         1%          1    None
 Sting                    Conj/Pois      ####         1%          1    None
 Poisonous Vapours        Pois/Air       ####..       1%          2    None
 Throw Flame              Conj/Fire      ######       1%          2    None
 Conjure Flame            Conj/Fire      ######..     1%          3    None
 Ignite Poison            Fire/Tmut/Pois #####...     1%          3    None
 Inner Flame              Hex/Fire       ######..     1%          3    None
 Recall                   Summ/Tloc      N/A          2%          3    None
 Vampiric Draining        Necr           ####......   2%          3    None
 Fireball                 Conj/Fire      ######....   3%          5    None
 Mephitic Cloud           Conj/Pois/Air  ####....     4%          3    None
 Static Discharge         Conj/Air       ####....     4%          3    None
 Bolt of Magma            Conj/Fire/Erth #####.....   8%          5    None
 Animate Dead             Necr           N/A          10%         4    None
 Summon Demon             Summ           #####.....   14%         5    None
 Cause Fear               Hex            ####......   16%         4    None
 Leda's Liquefaction      Hex/Erth       ####......   16%         4    None
 Olgreb's Toxic Radiance  Pois           ####....     16%         4    None
 Petrify                  Tmut/Erth      ####....     16%         4    None
 Bolt of Fire             Conj/Fire      ######....   21%         6    None
 Summon Forest            Summ/Tloc      ####......   24%         5    None
 Summon Mana Viper        Hex/Summ       ####....     24%         5    None
 Alistair's Intoxication  Tmut/Pois      ####....     41%         5    None
 Irradiate                Conj/Tmut      ####......   41%         5    None
 Lightning Bolt           Conj/Air       ####......   41%         5    None
 Venom Bolt               Conj/Pois      ####......   41%         5    None
 Shadow Creatures         Summ           N/A          63%         6    None
 Freezing Cloud           Conj/Ice/Air   ####......   94%         6    None
 Iron Shot                Conj/Erth      ####......   94%         6    None
 Dragon Form              Tmut           ####......   100%        7    ##.....
 Haunt                    Necr/Summ      #####.....   100%        7    ##.....
 Borgnjor's Revivificati  Necr           ####......   100%        8    ####...
 Death's Door             Chrm/Necr      ####......   100%        8    ####...
 Discord                  Hex            ####......   100%        8    ####...
 Infestation              Necr           ####......   100%        8    ####...
 Dragon's Call            Summ           #####.....   100%        9    ######.
 Shatter                  Erth           ####......   100%        9    ######.
 Tornado                  Air            ####......   100%        9    ######.
 Sublimation of Blood     Necr           Unusable     N/A         2    N/A
 Statue Form              Tmut/Erth      Unusable     N/A         6    N/A

Dungeon Overview and Level Annotations

Branches:
Dungeon (15/15)            Temple (1/1) D:4            Lair (6/6) D:10
  Swamp (4/4) Lair:2        Snake (0/4) Lair:3        Slime (0/5) Lair:6
    Orc (2/2) D:10            Elf (0/3) Orc:2        Vaults (4/5) D:14
  Crypt (0/3) Vaults:2     Depths (0/5) D:15        Ossuary (visited)
Gauntlet (visited)

Altars:
Ashenzari
Cheibriados
Dithmenos
Elyvilon
Fedhas
Hepliaklqana
Makhleb
Okawaru
Sif Muna
Trog
Uskayaw
Wu Jian
Xom
Yredelemnul
Zin

Shops:
D:7 [   D:12 ?   Orc:2 %*[(*

Annotations:
Lair:6 exclusion: oklob plant


Innate Abilities, Weirdness & Mutations

You are resistant to torment.
Your stone body is resilient. (AC +14)
You are immune to poison.
Your large and strong wings let you fly indefinitely.
You resist negative energy. (rN+)
You are resistant to electric shocks. (rElec)
You can survive without breathing.
You are immune to petrification.
You are immune to rotting.
You have a pair of small horns on your head.
Your skin changes colour to match your surroundings (Stealth+).
You are agile. (Dex +2)
Your spells are a little easier to cast, but a little less powerful.


Message History

The yaktaur captain shoots a bolt.
You reflect the bolt off your +0 shield of reflection!
The bolt hits the yaktaur captain!!
An orc knight comes into view. It is wielding a +0 war axe.
You block the ettin's attack.
The ettin hits you with a +0 great mace!!!
You are too injured to fight recklessly!
Unknown command.
You are too injured to fight recklessly!
Unknown command.
You are too injured to fight recklessly!
Unknown command.
You are too injured to fight recklessly!
Unknown command.
You can feel time thicken for a moment.
You feel somewhat more hungry.
Cheibriados lowers the support of your attributes as your movement quickens.
The ettin hits you but does no damage.
The ettin hits you with a +0 great mace!!!
Ouch! That really hurt!
You die...

######## ###
#......# ..#
########.>....###c.#
.......#......'))#
.......#......#)@#
.......'......###Cc#
...(...#......# o.#
.......######## ##..
.......# ..#
.......######### #..
.......'..(....# ..#
.......#).....(# +#
########...<().#


You could see 2 yaktaur captains, an orc knight and an ettin.

Vanquished Creatures
  Mara (Vaults:3)
  the Lernaean hydra (Swamp:4)
  Nikola (Swamp:4)
  The ghost of HilariousDeathArtist the Champion of Chaos, an adept CeWn of Makhleb (Vaults:2)
  Jorgrun (Swamp:1)
  Gastronok (D:12)
  Agnes (D:15)
  A sphinx (Vaults:1)
  Kirke (Swamp:1)
  A thorn hunter (Swamp:3)
  Donald (Orc:2)
  4 vault wardens
  An orc warlord (Orc:1)
  2 very ugly things
  6 ironheart preservers
  5 stone giants
  A vampire knight (Vaults:2)
  A minotaur (Gauntlet)
  2 eidola (Vaults:2)
  A crystal guardian (Vaults:2)
  Josephine (Lair:6)
  Snorg (Lair:6)
  3 yaktaur captains (Vaults:1)
  A fire dragon (Vaults:2)
  4 ice dragons
  Erica (D:10)
  A vault guard (Vaults:2)
  A catoblepas (Lair:6)
  16 hydras
  2 shambling mangroves
  A merfolk avatar (Lair:6)
  2 ghost crabs
  33 two-headed ogres
  10 alligators
  9 ogre magi
  4 centaur warriors
  6 death yaks (Lair:6)
  Urug (Lair:6)
  2 deep troll shamans
  A deep troll earth mage (Vaults:1)
  3 spriggans
  Sonja (Lair:5)
  3 shadow wraiths
  An iron troll (D:14)
  2 deep elf knights
  A fire crab (shapeshifter) (D:15)
  2 sea snakes (Lair:6)
  A fire crab (Gauntlet)
  2 unseen horrors
  A deep troll (shapeshifter) (Vaults:1)
  A death drake (Swamp:3)
  2 flayed ghosts
  10 swamp dragons
  8 deep trolls
  4 wizards
  2 spectral hydras (Swamp:3)
  9 ironbrand convokers
  3 necromancers
  Pikel (D:6)
  2 wolf spider zombies
  2 harpies (Lair:6)
  8 orc knights
  A lindwurm (Lair:5)
  5 deep elf magi
  5 cyclopes
  4 manticores
  5 orc sorcerers
  A salamander (shapeshifter) (D:13)
  23 ugly things
  2 wolf spiders
  A black mamba (Lair:5)
  13 elephants
  5 vault sentinels
  3 gargoyles
  A spiny frog (shapeshifter) (Vaults:3)
  9 komodo dragons
  16 spiny frogs
  2 freezing wraiths (Vaults:1)
  A redback zombie (D:15)
  5 swamp worm zombies (Swamp:3)
  2 minotaur zombies (Gauntlet)
  A yaktaur (shapeshifter) (D:14)
  24 yaktaurs
  6 rime drakes
  An efreet (D:14)
  2 tengu conjurers
  2 wind drakes (Lair:6)
  A queen bee (shapeshifter) (Vaults:3)
  8 trolls
  4 polar bears
  21 slime creatures
  12 tyrant leeches
  13 hornets
  A raiju (shapeshifter) (Vaults:1)
  4 spectral swamp dragons (Swamp:3)
  Grinder (D:3)
  6 bog bodies
  5 alligator zombies (Swamp:3)
  7 dream sheep (Lair:6)
  10 blink frogs
  A harpy skeleton (D:15)
  A meliai zombie (D:14)
  Prince Ribbit (D:8)
  10 hippogriffs
  4 vampires
  12 flying skulls (Gauntlet)
  9 shadows
  18 wraiths
  5 wyverns (Lair:6)
  2 water elementals (D:14)
  41 yaks
  17 fire bats
  3 tyrant leech zombies (Swamp:3)
  4 hogs (Swamp:1)
  2 hungry ghosts (D:7)
  15 vampire mosquitoes
  6 wargs
  2 steam dragons
  10 swamp worms
  3 nagas (Lair:3)
  8 insubstantial wisps
  7 water moccasins
  Edmund (D:6)
  3 spiny frog zombies (Swamp:3)
  2 acid dragons
  12 swamp drakes
  10 porcupines
  7 ice beasts
  32 orc warriors
  2 sky beasts
  A black bear (shapeshifter) (Vaults:1)
  An eye of draining (D:10)
  4 necrophages
  2 phantoms
  39 ogres
  A boggart (Vaults:2)
  4 wolves (Lair:6)
  18 centaurs
  11 crocodiles
  17 bullfrogs
  Blork the orc (D:6)
  A wyvern skeleton (D:9)
  2 troll zombies (Swamp:3)
  4 scorpions
  An elf simulacrum (Vaults:2)
  33 killer bees
  6 spriggan zombies (Swamp:3)
  4 wights
  5 electric eels
  A howler monkey (D:7)
  7 crimson imps
  A bullfrog zombie (D:11)
  4 jellies
  4 quasits
  5 centaur zombies
  4 centaur skeletons
  10 hounds
  4 human zombies (D:14)
  23 orc wizards
  25 orc priests
  6 bullfrog skeletons
  Terence (D:2)
  2 human skeletons (D:14)
  5 iguanas
  4 worker ants
  3 big kobold zombies (Ossuary)
  A hound zombie (D:7)
  2 hound skeletons
  3 mummies
  10 gnolls
  A worker ant zombie (D:8)
  A howler monkey skeleton (D:10)
  10 adders
  4 shadow imps
  4 white imps (Gauntlet)
  6 oozes
  7 adder zombies
  An adder skeleton (D:9)
  2 worms
  4 dart slugs
  A leopard gecko (D:3)
  102 orcs
  4 giant cockroaches
  2 gnoll zombies (Ossuary)
  13 goblins
  10 hobgoblins
  5 jackals
  8 kobolds
  5 quokkas
  67 bats
  10 frilled lizards
  A giant cockroach zombie (D:6)
  4 hobgoblin zombies (Ossuary)
  4 kobold zombies (Ossuary)
  A leopard gecko zombie (D:5)
  An orc skeleton (D:14)
  7 orc zombies (Ossuary)
  A quokka zombie (D:5)
  12 rats
  2 fungi
  7 plants
  A withered plant (Swamp:3)
1274 creatures vanquished.

Vanquished Creatures (others)
  A yaktaur captain (Vaults:2)
  2 centaur warriors
  A two-headed ogre (Orc:2)
  A deep elf knight (Vaults:2)
  4 swamp dragons (Swamp:4)
  A cyclops (D:12)
  3 yaktaurs
  A hornet (Swamp:3)
  An orc warrior (D:15)
  3 centaurs
  A bat (D:14)
  A briar patch (Swamp:3)
  10 fungi
  18 plants
48 creatures vanquished.

Grand Total: 1322 creatures vanquished

Notes
Turn   | Place    | Note
-------+----------+-------------------------------------------
     0 | D:1      | gilim the Gargoyle Fighter began the quest for the Orb.
     0 | D:1      | Reached XP level 1. HP: 14/14 MP: 1/1
    33 | D:1      | Reached XP level 2. HP: 15/19 MP: 2/2
   714 | D:1      | Reached XP level 3. HP: 23/23 MP: 3/3
  1432 | D:2      | Found a blossoming altar of Fedhas.
  1526 | D:2      | Reached XP level 4. HP: 29/29 MP: 4/4
  1724 | D:2      | Noticed Terence
  1731 | D:2      | Killed Terence
  1984 | D:3      | Reached XP level 5. HP: 33/33 MP: 5/5
  2102 | D:3      | Reached skill level 5 in Shields
  2192 | D:3      | Noticed Grinder
  2201 | D:3      | Paralysed by Grinder for 3 turns
  2218 | D:3      | Killed Grinder
  2218 | D:3      | Reached XP level 6. HP: 22/39 MP: 6/6
  2426 | D:3      | You fall into a shaft and drop 2 floors!
  2426 | D:5      | Entered Level 5 of the Dungeon
  2451 | D:5      | Reached skill level 5 in Fighting
  2451 | D:5      | Reached XP level 7. HP: 42/44 MP: 7/7
  2679 | D:5      | Found a sand-covered staircase.
  2695 | D:5      | Reached XP level 8. HP: 35/51 MP: 8/8
  2698 | Ossuary  | Entered an ossuary
  3002 | D:4      | Found an ornate altar of the Wu Jian Council.
  3258 | D:4      | Found a staircase to the Ecumenical Temple.
  3270 | Temple   | Entered the Ecumenical Temple
  3282 | Temple   | Became a worshipper of Cheibriados the Contemplative
  3919 | D:6      | Noticed Blork the orc
  3928 | D:6      | Killed Blork the orc
  3949 | D:6      | Found a white marble altar of Elyvilon.
  4047 | D:6      | Found a hazy altar of Hepliaklqana.
  4065 | D:6      | Noticed Prince Ribbit
  4087 | D:6      | Reached skill level 5 in Axes
  4171 | D:6      | Noticed Pikel
  4183 | D:6      | Killed Pikel
  4183 | D:6      | Reached XP level 9. HP: 56/57 MP: 9/9
  4399 | D:6      | Noticed Edmund
  4440 | D:6      | Killed Edmund
  4464 | D:6      | Reached * piety under Cheibriados
  4560 | D:7      | Found Wilet's Armour Boutique.
  4589 | D:7      | Gained mutation: You tend to lose your temper in combat.
                  | [potion of mutation]
  4589 | D:7      | Gained mutation: You have a pair of small antennae on your
                  | head. [potion of mutation]
  4589 | D:7      | Gained mutation: Your muscles are strong. (Str +2) [potion
                  | of mutation]
  4609 | D:7      | Lost mutation: You tend to lose your temper in combat.
                  | [potion of mutation]
  4609 | D:7      | Lost mutation: You have a pair of small antennae on your
                  | head. [potion of mutation]
  4609 | D:7      | Lost mutation: Your muscles are strong. (Str +2) [potion of
                  | mutation]
  4609 | D:7      | Gained mutation: You are weak. (Str -2) [potion of
                  | mutation]
  4609 | D:7      | Gained mutation: Scrolls take you a little longer to read.
                  | [potion of mutation]
  4609 | D:7      | Gained mutation: You expend magic power (3 MP) to
                  | strengthen your wands. [potion of mutation]
  4609 | D:7      | Gained mutation: You are partially covered in yellow
                  | scales. (AC +2) [potion of mutation]
  4668 | D:7      | Reached skill level 10 in Shields
  4821 | D:7      | Reached ** piety under Cheibriados
  4821 | D:7      | Reached skill level 1 in Invocations
  4889 | D:7      | Reached skill level 1 in Dodging
  4889 | D:7      | Reached skill level 1 in Evocations
  5390 | D:7      | Reached XP level 10. HP: 64/64 MP: 11/11
  5671 | D:8      | Killed Prince Ribbit
  5808 | D:8      | Noticed a two-headed ogre
  5818 | D:8      | Killed a two-headed ogre
  5837 | D:8      | Found an iron altar of Okawaru.
  5849 | D:8      | Found a shimmering altar of Xom.
  5854 | D:8      | Lost mutation: You are weak. (Str -2) [potion of mutation]
  5854 | D:8      | Lost mutation: You expend magic power (3 MP) to strengthen
                  | your wands. [potion of mutation]
  5854 | D:8      | Gained mutation: You are clumsy. (Dex -2) [potion of
                  | mutation]
  5854 | D:8      | Lost mutation: You are clumsy. (Dex -2) [potion of
                  | mutation]
  5854 | D:8      | Gained mutation: You have sharp fingernails. [potion of
                  | mutation]
  5856 | D:8      | Noticed a two-headed ogre
  5881 | D:8      | Killed a two-headed ogre
  5881 | D:8      | Reached skill level 5 in Armour
  6122 | D:8      | Reached *** piety under Cheibriados
  6285 | D:8      | Noticed a two-headed ogre
  6296 | D:8      | Killed a two-headed ogre
  6933 | D:8      | Reached XP level 11. HP: 69/69 MP: 14/14
  7077 | D:9      | Noticed a two-headed ogre
  7092 | D:9      | Killed a two-headed ogre
  7309 | D:9      | Reached **** piety under Cheibriados
  7795 | D:9      | Noticed a two-headed ogre
  7807 | D:9      | Killed a two-headed ogre
  7932 | D:10     | Entered Level 10 of the Dungeon
  7956 | D:10     | Noticed Erica
  7994 | D:10     | Killed Erica
  8092 | D:10     | Reached skill level 5 in Invocations
  8295 | D:10     | Reached ***** piety under Cheibriados
  8562 | D:10     | Found a staircase to the Lair.
  8772 | D:10     | Killed an unseen horror
  9206 | D:10     | Found a staircase to the Orcish Mines.
  9323 | Lair:1   | Entered Level 1 of the Lair of Beasts
  9469 | Lair:1   | Reached XP level 12. HP: 35/77 MP: 16/16
  9678 | Lair:1   | Lost mutation: Scrolls take you a little longer to read.
                  | [potion of mutation]
  9678 | Lair:1   | Lost mutation: You are partially covered in yellow scales.
                  | (AC +2) [potion of mutation]
  9678 | Lair:1   | Gained mutation: You tend to lose your temper in combat.
                  | [potion of mutation]
  9678 | Lair:1   | Gained mutation: You are somewhat resistant to further
                  | mutation. [potion of mutation]
  9678 | Lair:1   | Gained mutation: Your muscles are strong. (Str +2) [potion
                  | of mutation]
  9984 | Lair:1   | Reached skill level 5 in Evocations
 10273 | Lair:2   | Lost mutation: You are somewhat resistant to further
                  | mutation. [potion of mutation]
 10273 | Lair:2   | Lost mutation: You tend to lose your temper in combat.
                  | [potion of mutation]
 10273 | Lair:2   | Lost mutation: Your muscles are strong. (Str +2) [potion of
                  | mutation]
 10273 | Lair:2   | Lost mutation: You have sharp fingernails. [potion of
                  | mutation]
 10273 | Lair:2   | Gained mutation: You evolve. [potion of mutation]
 10273 | Lair:2   | Gained mutation: You are agile. (Dex +2) [potion of
                  | mutation]
 10290 | Lair:2   | Found the +3 hat of Pondering {ponderous, MR+ MP+10 Int+5}
 10927 | Lair:2   | Found a staircase to the Swamp.
 11329 | Lair:3   | Reached skill level 10 in Fighting
 11349 | Lair:3   | Gained mutation: Your skin changes colour to match your
                  | surroundings (Stealth+). [evolution]
 11371 | Lair:3   | Found a staircase to the Snake Pit.
 11419 | Lair:3   | Reached skill level 5 in Dodging
 11423 | Lair:3   | Reached ****** piety under Cheibriados
 11572 | Lair:3   | Identified the Catalogue of the Birds
 12309 | Lair:4   | You fall into a shaft and drop 2 floors!
 12309 | Lair:6   | Entered Level 6 of the Lair of Beasts
 12309 | Lair:6   | Noticed a catoblepas
 12318 | Lair:6   | Killed a catoblepas
 12446 | Lair:5   | Reached XP level 13. HP: 70/82 MP: 18/18
 13111 | Lair:4   | Got a fine ring mail
 13112 | Lair:4   | Identified the +2 ring mail of the Doldrums {Dex+2} (You
                  | found it on level 4 of the Lair of Beasts)
 13296 | Lair:4   | Gained mutation: You have a pair of small horns on your
                  | head. [evolution]
 13523 | Lair:5   | Noticed Sonja
 13525 | Lair:5   | Killed Sonja
 13817 | Lair:6   | Reached skill level 10 in Axes
 13840 | Lair:6   | Reached skill level 1 in Spellcasting
 13848 | Lair:6   | Gained mutation: Your mind is acute. (Int +2) [evolution]
 13848 | Lair:6   | Lost mutation: You evolve. [end of evolution]
 13886 | Lair:6   | Reached skill level 2 in Spellcasting
 14012 | Lair:6   | Reached skill level 3 in Spellcasting
 14148 | Lair:6   | Noticed Urug
 14168 | Lair:6   | Killed Urug
 14238 | Lair:6   | Gained mutation: Your large and strong wings let you fly
                  | indefinitely. [Gargoyle growth]
 14238 | Lair:6   | Reached XP level 14. HP: 88/88 MP: 20/20
 14321 | Lair:6   | Reached skill level 4 in Spellcasting
 14434 | Lair:6   | Noticed Josephine
 14454 | Lair:6   | Killed Josephine
 14494 | Lair:6   | Reached skill level 5 in Spellcasting
 14525 | Lair:6   | Noticed Snorg
 14536 | Lair:6   | Killed Snorg
 14581 | Lair:6   | Identified 2 scrolls of acquirement
 14587 | Lair:6   | Got a heavily runed golden amulet
 14592 | Lair:6   | Identified the amulet "Xisk" {Acrobat +Blink MR+ SInv
                  | Stlth-} (You acquired it on level 6 of the Lair of Beasts)
 14598 | Lair:6   | Got a translucent graven amulet
 14599 | Lair:6   | Identified the amulet of Zitwool {Acrobat MR- Dex+6} (You
                  | acquired it on level 6 of the Lair of Beasts)
 15182 | Orc:1    | Entered Level 1 of the Orcish Mines
 15376 | Orc:1    | Noticed an orc warlord
 15399 | Orc:1    | Killed an orc warlord
 15792 | Orc:2    | Entered Level 2 of the Orcish Mines
 15994 | Orc:2    | Reached skill level 6 in Spellcasting
 16108 | Orc:2    | Found a staircase to the Elven Halls.
 16156 | Orc:2    | Reached skill level 15 in Shields
 16176 | Orc:2    | Reached skill level 7 in Spellcasting
 16179 | Orc:2    | Reached XP level 15. HP: 92/92 MP: 25/25
 16192 | Orc:2    | Reached skill level 10 in Dodging
 16203 | Orc:2    | Reached skill level 8 in Spellcasting
 16237 | Orc:2    | Found Katotud's Antique Armour Boutique.
 16237 | Orc:2    | Found Taned's Food Shoppe.
 16237 | Orc:2    | Found Kimista's Weapon Emporium.
 16237 | Orc:2    | Found Gerivyg's General Store.
 16271 | Orc:2    | Bought a runed cloak for 187 gold pieces
 16479 | Orc:2    | Noticed Donald
 16502 | Orc:2    | Killed Donald
 16502 | Orc:2    | Reached skill level 9 in Spellcasting
 16531 | Orc:2    | Found Aluleeggi's Mayhem Merchandise.
 17332 | D:12     | Reached skill level 10 in Spellcasting
 17378 | D:12     | Found Ciennote's Magic Scroll Boutique.
 17457 | D:12     | Found a gate leading to a gauntlet.
 17473 | Gauntlet | Entered a Gauntlet
 17473 | Gauntlet | Found a transporter.
 17473 | Gauntlet | Found a transporter.
 17477 | Gauntlet | Found a transporter.
 17477 | Gauntlet | Found a transporter.
 17484 | Gauntlet | Found a transporter.
 17506 | Gauntlet | Found a transporter.
 17566 | Gauntlet | Found a transporter.
 17588 | Gauntlet | Found a transporter.
 17655 | Gauntlet | Found a transporter.
 17657 | Gauntlet | Found a transporter.
 17675 | Gauntlet | Found a transporter.
 17700 | Gauntlet | Found a transporter.
 17770 | Gauntlet | Identified the Volume of the Entrancing Frostbite
 17952 | D:12     | Noticed Gastronok
 17966 | D:12     | Killed Gastronok
 17966 | D:12     | Reached skill level 11 in Spellcasting
 18147 | D:12     | Found a blossoming altar of Fedhas.
 18841 | D:14     | Found a runed translucent door.
 18859 | D:14     | Found a basalt altar of Yredelemnul.
 18873 | D:14     | Found a burning altar of Makhleb.
 18889 | D:14     | Found a bloodstained altar of Trog.
 18939 | D:14     | Found a blossoming altar of Fedhas.
 18971 | D:14     | Found a hide-covered altar of Uskayaw.
 19062 | D:14     | Found a hide-covered altar of Uskayaw.
 19098 | D:14     | Reached skill level 12 in Spellcasting
 19187 | D:14     | Found a basalt altar of Yredelemnul.
 19378 | D:14     | Reached XP level 16. HP: 74/97 MP: 32/32
 19519 | D:14     | Found a gate to the Vaults.
 20031 | D:15     | Entered Level 15 of the Dungeon
 20184 | D:15     | Noticed Agnes
 20197 | D:15     | Killed Agnes
 20197 | D:15     | Reached skill level 13 in Spellcasting
 20650 | D:15     | Found a staircase to the Depths.
 20972 | Lair:1   | Lost mutation: Your mind is acute. (Int +2) [potion of
                  | mutation]
 20972 | Lair:1   | Lost mutation: You have a pair of small horns on your head.
                  | [potion of mutation]
 20972 | Lair:1   | Gained mutation: Your spells are a little easier to cast,
                  | but a little less powerful. [potion of mutation]
 20972 | Lair:1   | Gained mutation: You have a pair of small horns on your
                  | head. [potion of mutation]
 21056 | Swamp:1  | Entered Level 1 of the Swamp
 21080 | Lair:2   | Reached skill level 14 in Spellcasting
 21560 | Swamp:1  | Noticed Jorgrun
 21574 | Swamp:1  | Killed Jorgrun
 21763 | Swamp:1  | Noticed Kirke
 21781 | Swamp:1  | Killed Kirke
 21887 | Swamp:1  | Reached skill level 15 in Spellcasting
 22298 | Swamp:2  | Reached XP level 17. HP: 102/102 MP: 36/36
 22963 | Swamp:3  | Reached skill level 16 in Spellcasting
 23888 | Swamp:3  | Learned a level 8 spell: Necromutation
 23922 | Swamp:3  | Reached skill level 1 in Necromancy
 23954 | Swamp:3  | Got a scorched leather armour
 23955 | Swamp:3  | Identified the +3 leather armour of Jatabbaf {rElec} (You
                  | found it on level 3 of the Swamp)
 23978 | Swamp:3  | Learned a level 3 spell: Regeneration
 23983 | Swamp:3  | Learned a level 4 spell: Sticky Flame
 24074 | Swamp:4  | Entered Level 4 of the Swamp
 24122 | Swamp:4  | Reached skill level 1 in Fire Magic
 24428 | Swamp:4  | Noticed Nikola
 24435 | Swamp:4  | Noticed the 27-headed Lernaean hydra
 24441 | Swamp:4  | Killed the 26-headed Lernaean hydra
 24507 | Swamp:4  | Killed Nikola
 24507 | Swamp:4  | Reached skill level 17 in Spellcasting
 24816 | Swamp:4  | Got a decaying rune of Zot
 25378 | Vaults:1 | Entered Level 1 of the Vaults
 25508 | Vaults:1 | Reached skill level 5 in Fire Magic
 25542 | Vaults:1 | Got a heavily runed helmet
 25543 | Vaults:1 | Identified the +2 helmet of Kog Bacs {*Contam rElec Str+3}
                  | (You found it on level 1 of the Vaults)
 25732 | Vaults:1 | Noticed a sphinx
 25743 | Vaults:1 | Killed a sphinx
 25743 | Vaults:1 | Reached XP level 18. HP: 107/107 MP: 39/39
 26042 | Vaults:1 | Got a smoking war axe
 26043 | Vaults:1 | Identified the +7 war axe "Syaste" {freeze, *Corrode rN++
                  | Str+6} (You found it on level 1 of the Vaults)
 26663 | Vaults:2 | HP: 4/107 [ice dragon/blast of cold (11)]
 27391 | Vaults:2 | Reached skill level 18 in Spellcasting
 27482 | Vaults:2 | Found a runed translucent gate.
 27482 | Vaults:2 | Found a runed translucent gate.
 27483 | Vaults:2 | Found a runed translucent gate.
 27483 | Vaults:2 | Noticed HilariousDeathArtist's ghost (adept CeWn)
 27665 | Vaults:2 | Killed HilariousDeathArtist's ghost
 27680 | Vaults:2 | Got a shimmering leather armour
 27681 | Vaults:2 | Identified the +0 leather armour "Yhuef" {rF++ rC- rN+++
                  | MR+} (You found it on level 2 of the Vaults)
 28217 | Vaults:2 | Found a staircase to the Crypt.
 28353 | Vaults:2 | Reached skill level 10 in Fire Magic
 28642 | Vaults:3 | Reached XP level 19. HP: 112/112 MP: 41/41
 28899 | Vaults:3 | Noticed Mara
 28915 | Vaults:3 | Noticed gilim's illusion
 29264 | Vaults:3 | Noticed gilim's illusion
 29281 | Vaults:3 | Killed Mara
 29367 | Vaults:3 | Learned a level 5 spell: Aura of Abjuration
 29608 | Vaults:3 | Reached skill level 1 in Summonings
 29825 | Vaults:4 | Reached skill level 19 in Spellcasting
 29905 | Vaults:4 | Demolished by an ettin

Levels and vault maps discovered:
D:1:      nicolae_arrival_memento_mori, layout_basic, minmay_misc_feat_columns,
          minmay_liquid_box, minmay_lizard_pond
D:2:      layout_basic, old_standard_altar, uniq_terence
D:3:      layout_basic, first_ration, uniq_crazy_yiuf_cottage, uniq_grinder
D:4:      layout_loops_cross, lemuel_doored_altar, temple_hall
D:5:      layout_basic, enter_ossuary_1
D:6:      layout_rooms, kennysheep_mini_moat, elyvilon_altar_4,
          uniq_prince_ribbit1, uniq_pikel, uniq_edmund, uniq_blork_the_orc
D:7:      layout_loops_ring, serial_shops,
          nicolae_shop_temple_entry_statues_fountains
D:8:      layout_layer_cave, grunt_temple_overflow_open,
          hangedman_little_slice_of_home, roderic_serpentine_path
D:9:      layout_irregular_city
D:10:     layout_rooms, dpeg_oklobed_lair, david_orc_4, minivault_1, uniq_erica
D:11:     layout_rooms
D:12:     layout_loops_cross, serial_shops, nicolae_shop_stone,
          gauntlet_entry_generic, fedhas_altar_fruit_tree, uniq_gastronok
D:13:     layout_cave_pools
D:14:     due_megacathedral, layout_basic, david_vaults_4,
          lemuel_mausoleum_altar_yredelemnul, serial_bayou, serial_bayou_pond_e,
          serial_bayou_lagoon_a, serial_bayou_shore_a, serial_bayou_ford_a,
          serial_bayou_pond_e, serial_bayou_pond_e
D:15:     grunt_enter_depths_magical_seal, layout_rooms, nicolae_two_hexagons,
          uniq_agnes
Temple:   compressed_dpeg_circular_temple
Lair:1:   layout_loops_ring
Lair:2:   layout_layer_cave, skrybe_swamp_entry_bodies
Lair:3:   layout_gridlike, minmay_snake_entry_guardpost_small,
          gammafunk_lair_bear_cave
Lair:4:   layout_cave_pods, lemuel_fruit_tree, infiniplex_staircase_pool
Lair:5:   statuecave_lemuel, layout_cave_shapes, nicolae_quartered_pool_medium,
          chequers_serial_rivers_small_a, grunt_megastairs_3, uniq_sonja
Lair:6:   gammafunk_lair_ancient_temple, layout_misc_corridors,
          minmay_slime_entry_oklob_enclosed, uniq_snorg, uniq_josephine,
          uniq_urug
Swamp:1:  layout_falls_marsh, evilmike_swamp_ruin_house_6, swamp_pool2,
          uniq_kirke, uniq_jorgrun
Swamp:2:  layout_basic_swamp, serial_swamp_ruin, evilmike_swamp_ruin_wall,
          evilmike_swamp_ruin_house_5
Swamp:3:  cheibrodos_swamp_mausoleum, layout_falls_marsh,
          evilmike_swamp_ruin_house_2, swamp_pool4, ldierk_geyser
Swamp:4:  swamp_old_school, layout_basic_swamp, uniq_nikola
Orc:1:    layout_caves
Orc:2:    st_orc_ogre_mass, layout_diamond_mine, nicolae_orc_stony_grotto,
          minmay_shop_mayhem, uniq_donald
Vaults:1: ontoclasm_vaults_bender, v_alt_pattern_3, dpeg_vaults_monster_row,
          vaults_room_octagon, v_misc_16, layout_vaults_quadrants
Vaults:2: gammafunk_vaults_ghost_spectres, minmay_crypt_entry_vampire_xt,
          nicolae_vaults_big_ls, hangedman_vaults_pinch, hangedman_vaults_nails,
          ontoclasm_vaults_pinch, ontoclasm_vaults_chip,
          nicolae_vaults_triangles, vaults_room_pools, hangedman_vaults_maws,
          layout_vaults_omnicross
Vaults:3: hangedman_vaults_restitches, nicolae_vaults_stairing_the_circle,
          nicolae_vaults_shelves_hall, nicolae_vaults_network_quincunx
          [nicolae_vaults_network_quincunx_subvault,
          nicolae_vaults_network_quincunx_subvault,
          nicolae_vaults_network_quincunx_subvault,
          nicolae_vaults_network_quincunx_subvault,
          nicolae_vaults_network_quincunx_subvault], vaults_dpeg_spiral,
          vaults_standard_mumra_x, v_misc_22, ontoclasm_vaults_hangar,
          v_rooms_1, vaults_room_door_hall, nicolae_vaults_little_squares_5,
          grunt_vaults_diagonal, layout_vaults_maze_snakey, uniq_mara
Vaults:4: nicolae_vaults_little_squares_3, st_greater_box_4, v_misc_14,
          nicolae_vaults_rhombus_6, vaults_mumra_minichess, vaults_room_hallway,
          nicolae_vaults_little_squares_6, vaults_dpeg_encased_lava, v_misc_19,
          layout_vaults_omnibox, uniq_saint_roka

Skill      XL: |  1  2  3  4  5  6  7  8  9 10 11 12 13 14 15 16 17 18 19 |
---------------+----------------------------------------------------------+-----
Axes           | 2 3 4 5 6 7 9 10 | 10.0
Shields        | 4 6 7 9 10 11 12 13 15 | 15.0
Fighting       | 4 5 7 8 9 10 | 10.0
Invocations    | 2 4 5 7 8 |  8.0
Dodging        | 1 3 4 6 8 9 10 | 10.0
Evocations     | 1 3 4 5 |  5.0
Armour         | 4 5 6 7 |  7.0
Spellcasting   | 3 7 12 15 17 18 19 | 19.0
Necromancy     | 1 |  1.1
Fire Magic     | 6 10 11 | 11.9
Summonings     | 2 |  2.6

Action                   |  1- 3 |  4- 6 |  7- 9 | 10-12 | 13-15 | 16-18 | 19-21 || total
-------------------------+-------+-------+-------+-------+-------+-------+-------++-------
Melee: War axe           |    97 |       |       |   183 |  1268 |  1640 |   259 ||  3447
       Hand axe          |    18 |   140 |   429 |   580 |       |       |       ||  1167
       Headbutt          |       |       |       |       |   450 |   640 |   108 ||  1198
       Flail             |       |       |       |       |     5 |       |       ||     5
Throw: Dart              |       |       |    16 |    80 |    26 |    78 |    16 ||   216
 Cast: Regeneration      |       |       |       |       |       |     4 |     6 ||    10
       Sticky Flame      |       |       |       |       |       |     1 |     1 ||     2
Invok: Slouch            |       |       |       |       |     3 |     1 |     7 ||    11
       Step From Time    |       |       |       |       |       |     3 |       ||     3
       Bend Time         |       |       |       |       |       |     1 |       ||     1
 Abil: Fly               |       |       |       |       |     1 |       |       ||     1
       Evoke Blink       |       |       |       |       |       |     1 |       ||     1
Evoke: Wand              |       |       |       |       |       |     4 |       ||     4
  Use: Scroll            |       |       |     5 |     4 |    19 |     7 |     2 ||    37
       Potion            |       |       |     5 |     6 |       |     9 |     1 ||    21
 Stab: Invisible         |       |       |     3 |       |       |       |       ||     3
       Distracted        |       |       |       |     1 |       |       |       ||     1
  Eat: Chunk             |     2 |     3 |     8 |     9 |    17 |    16 |     4 ||    59
       Ration            |       |       |     2 |     1 |       |     2 |       ||     5
Armor: Scale mail        |    47 |     3 |       |       |       |       |       ||    50
       Fire dragon scale |       |    65 |   177 |   268 |   200 |   240 |    91 ||  1041
       Plate armour      |       |       |       |       |   218 |   663 |       ||   881
Dodge: Dodged            |    30 |    48 |   128 |   231 |   743 |  1300 |   180 ||  2660
Block: Shield            |    74 |    71 |   272 |   562 |  1385 |  1707 |   271 ||  4342
       Reflection        |       |       |       |     3 |    26 |    63 |    25 ||   117
